AoeStats
← Mhafiki

Arabia

503527183Analyzed
1v1 RM · 1mo ago on Sep 1, 2026· 40m 25s· 2 players
Game mode
Random Map
Map size
Tiny (2 player)
Population
200
Speed
Normal
Resources
Standard
Victory
Conquest
Starting age
Dark Age
Ending age
Imperial Age
RankedLock teamsTeams togetherTeam positionsShared explorationLock speedFull tech treeHidden civsTurbo modeCheats
Victory
Defeat
🇲🇽 Bulgarians · Mexico
1112
+17
🇺🇸 Vikings · United States
1123
-17
MZTK | DeathArt
10:33 Feudal Age
10:21 Loom
23:47 Castle Age
22:15 Double-Bit Axe
22:27 Horse Collar
23:17 Bloodlines
25:01 Scale Barding Armor
34:29 Chain Barding Armor
34:20 Forging
35:06 Gold Mining
38:45 Town Watch
41:05 Wheelbarrow
40:57 Husbandry
Mhafiki
7:29 Loom
10:05 Feudal Age
11:58 Double-Bit Axe
19:26 Horse Collar
23:38 Castle Age
24:26 Crossbowman
24:57 Fletching
25:08 Padded Archer Armor
25:34 Bodkin Arrow
25:58 Gold Mining
26:21 Horse Collar
27:20 Leather Archer Armor
29:30 Bow Saw
31:26 Gold Shaft Mining
36:58 Imperial Age
37:10 Ballistics
37:22 Arbalester
Connection lost

Rejoining the realm…

Still unreachable

The connection could not be restored.

Session expired

The server has moved on; the page needs a fresh start.